 Seeded DCSS version 0.29.1-13-g9f3cf754e1 (webtiles) character file.

Game seed: 16245865983455551772 (custom seed)

139822 Trevise the Spry (level 17, -9/134 HPs)
             Began as a Djinni Fire Elementalist on Jan 24, 2023.
             Was the Champion of Makhleb.
             Mangled by a shambling mangrove (27 damage)
             ... on level 3 of the Swamp.
             The game lasted 01:29:47 (21855 turns).

Trevise the Spry (Djinni Fire Elementalist)        Turns: 21855, Time: 01:29:47

Health: -9/134     AC: 11    Str:  7    XL:     17   Next: 89%
Gold:   2321       EV: 29    Int: 30    God:    Makhleb [******] SH:  0 Dex: 23

rFire   + + .      SeeInvis .   i - staff of cold {rC+}
rCold   . . .      Faith    .   (no shield)
rNeg    . . .      Spirit   .   j - +2 robe {Archmagi}
rPois   ∞          Reflect  .   l - +1 hat "Ucuef" {Will+ Slay+3 Stlth+}
rElec   .          Harm     .   g - +2 cloak {Stlth+}
rCorr   .          Rampage  .   A - +2 pair of gloves
Will    ++...      Archmagi +   (boots unavailable)
Stlth   ++++......              h - amulet of regeneration
HPRegen 1.12/turn               x - +6 ring of intelligence
MPRegen 0.00/turn               Z - ring of Lygit {rPois EV+4 Dex+8}

@: about to teleport, grasped by roots, flying, constricted
A: sickness immunity, fire resistance 2, cold vulnerability 1, float, innate
caster, HP casting, extra vitality 1
a: Renounce Religion, Minor Destruction, Lesser Servant of Makhleb, Major
Destruction, Greater Servant of Makhleb


You were on level 3 of the Swamp.
You worshipped Makhleb.
Makhleb was exalted by your worship.
You visited 4 branches of the dungeon, and saw 25 of its levels.
You also visited: Ice Cave.

You collected 2615 gold pieces.
You spent 294 gold pieces at shops.

Inventory:

Hand Weapons
 Q - a +4 vampiric short sword
   (You took it off Maurice on level 8 of the Dungeon)
Missiles
 n - 2 javelins
 p - 4 atropa-tipped darts
 u - 22 stones
 R - 7 curare-tipped darts
Armour
 g - a +2 cloak of stealth (worn)
   (You found it on level 11 of the Dungeon)
 j - a +2 robe of the Archmagi (worn)
   (You took it off a wight on level 10 of the Dungeon)
 l - the +1 hat "Ucuef" (worn) {Will+ Slay+3 Stlth+}
   (You bought it in a shop on level 2 of the Orcish Mines)

   Slay:      It affects your accuracy & damage with ranged weapons and melee
   (+3).
   Will:      It increases your willpower.
   Stlth:     It makes you more stealthy.
 A - a +2 pair of gloves (worn)
   (You found it on level 6 of the Dungeon)
 G - a scarf of invisibility
   (You found it on level 7 of the Dungeon)
Magical Staves
 i - a staff of cold (weapon) {rC+}
   (You found it in an ice cave)
 t - a staff of death {rN+}
   (You found it on level 14 of the Dungeon)
 W - a staff of air {rElec}
   (You found it on level 14 of the Dungeon)
Jewellery
 c - a ring of ice {rC+, rF-}
   (You found it on level 2 of the Swamp)
 f - a ring of fire {rF+, rC-}
   (You found it on level 4 of the Lair of Beasts)
 h - an amulet of regeneration (around neck)
   (You found it on level 3 of the Dungeon)
 x - a +6 ring of intelligence (left hand)
   (You found it on level 1 of the Dungeon)
 C - a ring of protection from cold {rC+, !d}
   (You found it on level 2 of the Lair of Beasts)
 T - an amulet of the acrobat
   (You found it on level 14 of the Dungeon)
 Z - the ring of Lygit (right hand) {rPois EV+4 Dex+8}
   (You acquired it on level 9 of the Dungeon)

   [ring of evasion]

   EV:        It affects your evasion (+4).
   Dex:       It affects your dexterity (+8).
   rPois:     It protects you from poison.
Wands
 d - a wand of digging (14)
   (You found it on level 12 of the Dungeon)
 e - a wand of charming (21)
   (You found it on level 7 of the Dungeon)
 o - a wand of quicksilver (2)
   (You took it off Natasha on level 3 of the Dungeon)
 q - a wand of flame (139)
   (You found it on level 6 of the Dungeon)
 w - a wand of roots (50)
   (You found it on level 3 of the Dungeon)
 y - a wand of mindburst (11)
   (You found it on level 3 of the Lair of Beasts)
Scrolls
 b - a scroll of enchant weapon
 r - 16 scrolls of identify {@r1}
 K - 2 scrolls of immolation {!r}
 O - a scroll of silence
 S - 2 scrolls of summoning
 V - 2 scrolls of poison
 X - 3 scrolls of magic mapping {@r4!r}
 Y - 8 scrolls of teleportation {@r3}
Potions
 a - 3 potions of magic
 B - 9 potions of brilliance
 E - 2 potions of haste {unknown}
 F - 9 potions of attraction {!q}
 H - 2 potions of cancellation
 I - a potion of invisibility
 J - 12 potions of curing {@q1}
 L - 5 potions of flight
 M - 3 potions of might
 N - 5 potions of heal wounds {@q2}
 P - 7 potions of lignification {!q}
 U - 2 potions of mutation {!q}
Miscellaneous
 k - a piece from Xom's chessboard (15/15)
   (You found it in an ice cave)
 m - a phantom mirror
   (You found it on level 5 of the Lair of Beasts)
 s - a tin of tremorstones (2/2)
   (You found it on level 5 of the Lair of Beasts)
 v - a lightning rod (4/4)
   (You found it on level 11 of the Dungeon)
 z - a box of beasts
   (You found it on level 5 of the Lair of Beasts)


   Skills:
 + Level 16.5 Fighting
 + Level 19.0 Dodging
 - Level 1.5 Stealth
 * Level 17.2 Spellcasting
 + Level 11.9 Invocations


You had 6 spell levels left.
You knew the following spells:

 Your Spells              Type           Power      Damage    Failure   Level
a - Foxfire               Conj/Fire      100%       2x1d9     0%          1
b - Scorch                Fire           100%       2d10      0%          2
c - Conjure Flame         Conj/Fire      100%       6-21      0%          3
d - Inner Flame           Hex/Fire       100%       N/A       0%          3
e - Flame Wave            Conj/Fire      100%       2d21      0%          4
f - Magic Dart            Conj           100%       1d8       0%          1
g - Confusing Touch       Hex            100%       N/A       0%          3
h - Corpse Rot            Necr/Pois/Air  100%       N/A       0%          4
i - Borgnjor's Vile Clut  Necr/Erth      57%        N/A       1%          5
j - Simulacrum            Ice/Necr       69%        N/A       1%          6
k - Summon Cactus Giant   Summ           57%        N/A       1%          6
w - Passwall              Tmut/Erth      95%        N/A       0%          2
x - Iskenderun's Mystic   Conj/Tloc      100%       2d19      0%          4
Your spell library was empty.

Dungeon Overview and Level Annotations

Branches:
Dungeon (15/15)            Temple (0/1) D:5            Lair (5/5) D:8
  Swamp (3/4) Lair:3        Snake (0/4) Lair:2        Slime (0/5) Lair:4
    Orc (2/2) D:12            Elf (0/3) Orc:2        Vaults (0/5) D:13
 Depths (0/4) D:15          IceCv (visited)

Altars:
Ashenzari
Cheibriados
Dithmenos
Hepliaklqana
Makhleb
Okawaru
Qazlal
Ru
Xom
Yredelemnul
Zin

Shops:
D:3 [   D:4 *:[   D:7 =   D:15 [   Orc:1 *   Orc:2 ([((

Annotations:
Swamp:2 3 runed translucent doors, Axikluogo's ghost, adept MiCA; Jorgrun; Ypsiuj's ghost, adept GnSk


Innate Abilities, Weirdness & Mutations

You are immune to sickness and miasma.
You are immune to poison.
Your flesh is very heat resistant. (rF++)
You are vulnerable to cold. (rC-)
You float through the air rather than walking.
You learn spells naturally, not from books.
Your magical power is your life essence.
You have superior vitality. (+4 MHP)


Message History

The swamp worm bites you but does no damage.
The four-headed hydra is engulfed in a cloud of scalding steam.
The seven-headed hydra is engulfed in a cloud of scalding steam.
You kill the seven-headed hydra!
Makhleb accepts your kill.
You feel better. The alligator completely misses you. x2
You regained 12 hp, and now have 126/134 hp.
You feel a surge of power!
A wave of flame ripples out!
The flame wave engulfs the swamp worm!
The flame wave engulfs the four-headed hydra!
The flame wave engulfs the alligator! (Press . to intensify the flame waves.)
The swamp worm bites you!
The bunyip is engulfed in a cloud of scalding steam.
The four-headed hydra is engulfed in a cloud of scalding steam.
The four-headed hydra completely misses you.
The four-headed hydra barely misses you.
The four-headed hydra misses you.
The four-headed hydra completely misses you.
A shambling mangrove comes into view.
The swamp worm fires a harpoon shot at you.
The harpoon shot hits you.
You are yanked forward by the harpoon shot.
Makhleb accepts your kill.
You feel a bit more experienced.
The will-o-the-wisp gestures.
The will-o-the-wisp conjures some foxfire!
The swamp worm fires a harpoon shot at you.
The harpoon shot misses you.
The harpoon shot hits the will-o-the-wisp! 2 foxfires come into view.
You take 24 damage, and have 102/134 hp.
The foxfire hits you. You resist. The foxfire hits you. You resist.
The four-headed hydra is engulfed in a cloud of scalding steam.
The swamp worm completely misses you.
Roots burst forth from the earth!
The grasping roots grab you! The grasping roots constrict you.
The tyrant leech is engulfed in a cloud of scalding steam.
The swamp worm fires a harpoon shot at you.
The harpoon shot hits you.
You are yanked forward by the harpoon shot.
The bunyip is engulfed in a cloud of scalding steam.
You take 13 damage, and have 89/134 hp.
You feel a surge of power!
A wave of flame ripples out!
The flame wave engulfs the swamp worm!!
The flame wave engulfs the swamp worm!
The flame wave engulfs the four-headed hydra!!
You kill the four-headed hydra!
Makhleb accepts your kill.
You feel better. (Press . to intensify the flame waves.)
The swamp worm barely misses you. The swamp worm completely misses you.
The grasping roots constrict you.
You regained 2 hp, and now have 91/134 hp.
A wave of flame ripples out!
The flame wave engulfs the swamp worm!
You kill the swamp worm!
Makhleb accepts your kill.
You feel better.
The flame wave engulfs the shambling mangrove!!
The flame wave engulfs the will-o-the-wisp.
The will-o-the-wisp resists.
The flame wave engulfs the bunyip!!!
You kill the bunyip!
Makhleb accepts your kill.
You feel better.
The flame wave engulfs the swamp worm!!
You kill the swamp worm!
Makhleb accepts your kill.
The flame wave engulfs the tyrant leech!!
The mangrove smoulders and burns.
The tyrant leech no longer looks unusually strong.
The tyrant leech bites you!!
The will-o-the-wisp completely misses you.
The shambling mangrove hits you!! The grasping roots constrict you!
You take 42 damage, and have 49/134 hp.
MASSIVE DAMAGE!!
As you read the scroll of teleportation {@r3}, it crumbles to dust.
You feel strangely unstable. The will-o-the-wisp engulfs you!
The tyrant leech completely misses you.
You take 6 damage, and have 43/134 hp.
You feel a surge of power!
A wave of flame ripples out!
The flame wave engulfs the shambling mangrove.
The flame wave engulfs the will-o-the-wisp!
The will-o-the-wisp resists.
The flame wave engulfs the tyrant leech. (Press . to intensify the flame waves.)
* * * LOW HITPOINT WARNING * * *
The shambling mangrove completely misses you.
The grasping roots constrict you.
* * * LOW HITPOINT WARNING * * *
The will-o-the-wisp gestures.
The will-o-the-wisp conjures some foxfire!
The tyrant leech bites you!!
* * * LOW HITPOINT WARNING * * *
2 foxfires come into view.
You take 33 damage, and have 10/134 hp.
MASSIVE DAMAGE!!
You feel much better. The foxfire hits you! You resist.
* * * LOW HITPOINT WARNING * * *
The foxfire hits you! You resist.
* * * LOW HITPOINT WARNING * * *
The shambling mangrove hits you!!
You die...

....~.~..~~~.
...~....~... ~~.~~~~~.♣♣
. ♣.~~~~~~.~♣♣♣ ..♣
♣♣~~~~.~~~~~.♣
....♣○[~§....~~~.♣
#.......§§..~~~~.♣♣♣~♣
....##f@v§~..~~~..~~.♣♣♣
#......†w§§...~.~..§~♣♣~
#...##)..~~~~...~.~~~..~
.......~~~§~~~~..~.~~~~~
..♣~~~~~)~.~~~~~†..~~~~~
.~~~~~~~~~...).....~~~~<
~..~~...~~^..~~~....~~..
.♣§~~.~......§~~~†♣~~..♣
♣♣.~~~♣♣♣♣♣~)~~~♣♣♣♣♣..


You could see a shambling mangrove, a tyrant leech and a will-o-the-wisp.

Vanquished Creatures
  Kirke (Lair:4)
  2 orc warlords (Orc:2)
  An eleionoma (Swamp:2)
  3 bunyips
  A yaktaur captain (D:13)
  Josephine (D:14)
  A shambling mangrove (Swamp:3)
  2 fire dragons (D:15)
  18 hydras
  Fannar (D:10)
  2 ironbound frosthearts (IceCv)
  4 boulder beetles
  Erolcha (Orc:2)
  4 two-headed ogres
  3 centaur warriors
  2 death yaks (IceCv)
  A tengu warrior (D:13)
  3 orc high priests (Orc:2)
  Urug (D:12)
  6 alligators
  Sonja (Lair:3)
  A hell knight (D:11)
  Amaemon (D:8)
  3 goliath frogs
  3 spriggan druids
  A deep troll (Orc:2)
  A swamp dragon (Swamp:2)
  A bog body (Swamp:2)
  A wizard (D:14)
  A harpy (shapeshifter) (D:11)
  An orange crystal statue (D:14)
  3 wolf spider zombies (D:15)
  5 orc knights
  5 orc sorcerers (Orc:2)
  2 deep elf pyromancers
  32 ugly things
  A manticore (D:13)
  3 will-o-the-wisps
  A cyclops (shapeshifter) (D:14)
  5 cyclopes
  18 elephants
  Maurice (D:8)
  Joseph (D:8)
  2 black mambas
  7 centaur zombies (D:15)
  An ice statue (IceCv)
  An orange demon (D:8)
  A gargoyle (D:13)
  7 cane toads
  4 rime drakes
  Psyche (D:8)
  A kobold demonologist (D:11)
  7 komodo dragons
  2 yaktaurs (D:13)
  An unseen horror (D:11)
  2 ice devils (Lair:1)
  A tengu conjurer (D:15)
  A bloated husk (Swamp:1)
  9 trolls
  8 tyrant leeches
  A harpy zombie (D:15)
  9 polar bears
  14 blink frogs
  14 hornets
  14 slime creatures
  13 dream sheep (Lair:3)
  A meliai zombie (D:15)
  Sigmund (D:5)
  8 wyverns
  6 wraiths
  3 shadows
  64 yaks
  23 spriggans
  A human (D:11)
  5 basilisks
  9 hogs
  A fire elemental (D:11)
  A golden eye (shapeshifter) (D:15)
  A steam dragon (D:7)
  6 vampire mosquitoes
  5 wargs
  8 swamp worms
  3 nagas (Lair:2)
  18 water moccasins
  2 swamp drakes
  3 hornet zombies (D:15)
  2 ice beasts
  37 orc warriors
  A black bear (shapeshifter) (D:13)
  7 black bears
  3 ogres
  41 wolves
  8 boggarts
  A phantom (D:6)
  10 centaurs
  5 kobold brigands
  9 bullfrogs
  2 necrophages
  2 gnoll sergeants
  6 scorpions
  11 wights
  5 killer bees
  4 howler monkeys
  2 lava snakes
  21 orc priests
  A gnoll bouda (D:7)
  4 hounds
  An iron imp (D:4)
  Jessica (D:2)
  3 iguanas
  22 orc wizards
  Natasha (thrice) (D:3)
  4 hell rats (Lair:4)
  A boggart simulacrum (D:14)
  A hound skeleton (D:4)
  14 gnolls
  5 adders
  A white imp (D:5)
  A dart slug (D:5)
  82 orcs
  6 ball pythons
  3 bats
  8 endoplasms
  A giant cockroach (D:4)
  5 goblins
  8 hobgoblins
  31 kobolds
  4 quokkas
  3 frilled lizards
  7 rats
837 creatures vanquished.

Vanquished Creatures (collateral kills)
  Donald (Orc:2)
  2 ugly things (D:15)
  A freezing wraith (D:15)
  A hornet (Lair:5)
  An orc warrior (Orc:2)
  An orc priest (Orc:2)
  An orc wizard (Orc:2)
  2 foxfires
10 creatures vanquished.

Vanquished Creatures (others)
  2 bloated husks (Swamp:1)
  2 vampire mosquitoes (Swamp:1)
  A swamp drake (Swamp:1)
  2 orcs (Orc:2)
  289 foxfires
  68 fungi
  72 plants
436 creatures vanquished.

Grand Total: 1283 creatures vanquished

Notes
Turn   | Place    | Note
-------+----------+-------------------------------------------
     0 | D:1      | Trevise the Djinni Fire Elementalist began the quest for
                  | the Orb.
     0 | D:1      | Trevise set off with the following spells memorised:
                  | Foxfire, Scorch, Conjure Flame, Inner Flame, Flame Wave.
     0 | D:1      | Reached XP level 1. HP: 15/15 MP: 0/0
   212 | D:1      | Identified 3 scrolls of acquirement
   212 | D:1      | Acquired a manual of Spellcasting
   214 | D:1      | Acquired a manual of Fighting
   216 | D:1      | Acquired a manual of Dodging
   289 | D:1      | Reached XP level 2. HP: 18/22 MP: 0/0
   400 | D:1      | Found a faded altar of an unknown god.
   570 | D:1      | Reached skill level 1 in Fighting
   929 | D:1      | Reached skill level 3 in Spellcasting
  1128 | D:1      | Reached XP level 3. HP: 26/27 MP: 0/0
  1128 | D:1      | Learned a level 1 spell: Magic Dart
  1520 | D:1      | Reached skill level 3 in Dodging
  2068 | D:2      | Noticed Jessica
  2072 | D:2      | Killed Jessica
  2073 | D:2      | Reached skill level 2 in Fighting
  2073 | D:2      | Reached XP level 4. HP: 28/33 MP: 0/0
  2693 | D:3      | Found Ymmy Ciutu's Antique Armour Shoppe.
  2820 | D:3      | Reached skill level 4 in Spellcasting
  2820 | D:3      | Reached XP level 5. HP: 13/39 MP: 0/0
  2820 | D:3      | Learned a level 2 spell: Passwall
  2824 | D:3      | Reached skill level 4 in Dodging
  2826 | D:3      | Reached skill level 3 in Fighting
  3229 | D:3      | Noticed Natasha
  3233 | D:3      | Killed Natasha
  3489 | D:3      | Reached XP level 6. HP: 42/46 MP: 0/0
  3566 | D:3      | Noticed Natasha
  3570 | D:3      | Killed Natasha
  3571 | D:3      | Reached skill level 5 in Spellcasting
  3668 | D:3      | Noticed Natasha
  3671 | D:3      | Killed Natasha
  3672 | D:3      | Reached skill level 5 in Dodging
  3966 | D:4      | Found Tuuwolaw's General Store.
  3973 | D:4      | Reached skill level 4 in Fighting
  3993 | D:4      | Bought a scroll of identify for 24 gold pieces
  4086 | D:4      | Found a snail-covered altar of Cheibriados.
  4099 | D:4      | Reached XP level 7. HP: 38/53 MP: 0/0
  4099 | D:4      | Learned a level 3 spell: Confusing Touch
  4233 | D:4      | Found Gamycsypi's Antique Armour Boutique.
  4279 | D:4      | Found Koenoidu's Book Boutique.
  4394 | D:4      | Found a burning altar of Makhleb.
  4451 | D:4      | Became a worshipper of Makhleb the Destroyer
  4492 | D:4      | Found a shadowy altar of Dithmenos.
  4591 | D:4      | Reached skill level 5 in Fighting
  4591 | D:4      | Reached skill level 6 in Dodging
  4591 | D:4      | Reached skill level 6 in Spellcasting
  4678 | D:5      | Entered Level 5 of the Dungeon
  4685 | D:5      | Noticed Sigmund
  4692 | D:5      | Killed Sigmund
  4693 | D:5      | Reached XP level 8. HP: 55/61 MP: 0/0
  4968 | D:5      | Reached skill level 7 in Spellcasting
  5042 | D:5      | Found a glowing silver altar of Zin.
  5139 | D:5      | Reached skill level 6 in Fighting
  5139 | D:5      | Reached skill level 7 in Dodging
  5903 | D:5      | Found a staircase to the Ecumenical Temple.
  6028 | D:6      | Reached skill level 8 in Spellcasting
  6143 | D:6      | Reached skill level 7 in Fighting
  6143 | D:6      | Reached skill level 8 in Dodging
  6144 | D:6      | Reached XP level 9. HP: 51/68 MP: 0/0
  6144 | D:6      | Learned a level 4 spell: Corpse Rot
  6417 | D:6      | HP: 16/68 [gnoll/+0 flail (5)]
  6418 | D:6      | HP: 3/68 [gnoll/+0 flail (12)]
  7215 | D:7      | Reached skill level 9 in Dodging
  7215 | D:7      | Reached skill level 9 in Spellcasting
  7219 | D:7      | Reached skill level 8 in Fighting
  7320 | D:7      | Found Dackej's Jewellery Shoppe.
  7330 | D:7      | Reached * piety under Makhleb
  7428 | D:7      | Reached skill level 10 in Spellcasting
  7431 | D:7      | Reached skill level 10 in Dodging
  7471 | D:7      | Found a hazy altar of Hepliaklqana.
  7599 | D:7      | Reached skill level 9 in Fighting
  7911 | D:8      | Noticed Amaemon
  7911 | D:8      | Noticed an orange demon
  7915 | D:8      | Killed Amaemon
  7916 | D:8      | Reached XP level 10. HP: 71/78 MP: 0/0
  7920 | D:8      | Killed an orange demon
  7921 | D:8      | Reached skill level 10 in Fighting
  7921 | D:8      | Reached skill level 11 in Dodging
  7980 | D:8      | Reached skill level 11 in Spellcasting
  8006 | D:8      | Found a staircase to the Lair.
  8033 | D:8      | Noticed Maurice
  8052 | D:8      | Killed Maurice
  8092 | D:8      | Reached ** piety under Makhleb
  8119 | D:8      | Reached skill level 12 in Dodging
  8131 | D:8      | Noticed Joseph
  8149 | D:8      | Killed Joseph
  8150 | D:8      | Reached skill level 11 in Fighting
  8150 | D:8      | Reached XP level 11. HP: 53/87 MP: 0/0
  8150 | D:8      | Learned a level 4 spell: Iskenderun's Mystic Blast
  8286 | D:8      | Noticed Psyche
  8293 | D:8      | Killed Psyche
  8304 | D:8      | Found a stormy altar of Qazlal.
  8565 | D:9      | Noticed a two-headed ogre
  8573 | D:9      | Killed a two-headed ogre
  8574 | D:9      | Reached skill level 13 in Dodging
  8662 | D:9      | Noticed a two-headed ogre
  8676 | D:9      | Killed a two-headed ogre
  8677 | D:9      | Reached skill level 12 in Fighting
  8796 | D:9      | Found an iron altar of Okawaru.
  8796 | D:9      | Found a shimmering altar of Xom.
  8796 | D:9      | Found a broken altar of Ashenzari.
  8898 | D:9      | Reached *** piety under Makhleb
  8899 | D:9      | Reached skill level 12 in Spellcasting
  8929 | D:9      | Found a sacrificial altar of Ru.
  9171 | D:9      | Acquired the ring of Lygit {rPois EV+4 Dex+8}
  9205 | D:10     | Entered Level 10 of the Dungeon
  9320 | D:10     | Reached skill level 1 in Invocations
  9396 | D:10     | Noticed Fannar
  9407 | D:10     | Killed Fannar
  9408 | D:10     | Reached skill level 2 in Invocations
  9511 | D:10     | Reached XP level 12. HP: 86/95 MP: 0/0
  9767 | D:10     | Reached skill level 14 in Dodging
 10138 | Lair:1   | Entered Level 1 of the Lair of Beasts
 10245 | Lair:1   | Reached **** piety under Makhleb
 10246 | Lair:1   | Reached skill level 3 in Invocations
 10287 | Lair:1   | Found a frozen archway.
 10302 | IceCv    | Entered an ice cave
 10457 | IceCv    | Reached skill level 4 in Invocations
 10465 | IceCv    | Reached skill level 15 in Dodging
 10530 | IceCv    | Noticed a death yak
 10530 | IceCv    | Noticed an ironbound frostheart
 10530 | IceCv    | Noticed an ironbound frostheart
 10530 | IceCv    | Noticed a death yak
 10542 | IceCv    | Reached skill level 13 in Spellcasting
 10543 | IceCv    | Killed an ironbound frostheart
 10544 | IceCv    | Killed a death yak
 10550 | IceCv    | Killed an ironbound frostheart
 10551 | IceCv    | Reached skill level 13 in Fighting
 10551 | IceCv    | Reached skill level 5 in Invocations
 10551 | IceCv    | Reached XP level 13. HP: 66/103 MP: 0/0
 10551 | IceCv    | Learned a level 5 spell: Borgnjor's Vile Clutch
 10564 | IceCv    | Reached ***** piety under Makhleb
 11158 | Lair:2   | Found a staircase to the Snake Pit.
 11428 | Lair:2   | Reached skill level 6 in Invocations
 11766 | Lair:3   | Reached skill level 16 in Dodging
 11809 | Lair:3   | Found a staircase to the Swamp.
 11966 | Lair:3   | Noticed Sonja
 11977 | Lair:3   | Killed Sonja
 11981 | Lair:3   | Reached skill level 14 in Spellcasting
 12324 | Lair:4   | Noticed a five-headed hydra
 12327 | Lair:4   | Noticed a four-headed hydra
 12331 | Lair:4   | Reached XP level 14. HP: 106/111 MP: 0/0
 12334 | Lair:4   | Reached skill level 7 in Invocations
 12342 | Lair:4   | Reached skill level 14 in Fighting
 12650 | Lair:4   | Found a staircase to the Slime Pits.
 12656 | Lair:4   | Reached ****** piety under Makhleb
 12660 | Lair:4   | Noticed Kirke
 12749 | Lair:4   | Killed Kirke
 12831 | Lair:5   | Entered Level 5 of the Lair of Beasts
 12837 | Lair:5   | Reached skill level 8 in Invocations
 13349 | Lair:5   | HP: 27/112 [cloud of flame (4)]
 13351 | Lair:5   | HP: 13/112 [cloud of flame (7)]
 13383 | Lair:5   | Reached skill level 17 in Dodging
 13551 | Lair:5   | Reached XP level 15. HP: 114/118 MP: 0/0
 13551 | Lair:5   | Learned a level 6 spell: Simulacrum
 13604 | Lair:5   | Reached skill level 15 in Spellcasting
 14983 | D:12     | Noticed Urug
 14993 | D:12     | Killed Urug
 15015 | D:12     | Found a staircase to the Orcish Mines.
 15116 | D:12     | Reached skill level 9 in Invocations
 15802 | Orc:1    | Entered Level 1 of the Orcish Mines
 15886 | Orc:1    | Found Uwankog's General Store.
 16143 | Orc:2    | Entered Level 2 of the Orcish Mines
 16168 | Orc:2    | Noticed Erolcha
 16200 | Orc:2    | Killed Erolcha
 16213 | Orc:2    | Reached skill level 15 in Fighting
 16278 | Orc:2    | Found a staircase to the Elven Halls.
 16335 | Orc:2    | Noticed Donald
 16341 | Orc:2    | Killed Donald
 16592 | Orc:2    | Noticed an orc warlord
 16624 | Orc:2    | Noticed an orc warlord
 16659 | Orc:2    | Killed an orc warlord
 16660 | Orc:2    | Reached XP level 16. HP: 50/126 MP: 0/0
 16661 | Orc:2    | Found Bueli's Antique Weapon Shoppe.
 16758 | Orc:2    | Found Goaph's Antique Armour Emporium.
 16763 | Orc:2    | Bought a buzzing hat for 270 gold pieces
 16763 | Orc:2    | Identified the +1 hat "Ucuef" {Will+ Slay+3 Stlth+} (You
                  | bought it in a shop on level 2 of the Orcish Mines)
 17056 | Orc:2    | Found Lueshr Buat's Antique Weapon Emporium.
 17232 | Orc:2    | Found Zoahoj's Weapon Boutique.
 17601 | D:13     | Reached skill level 10 in Invocations
 17659 | D:13     | Found a gate to the Vaults.
 17838 | D:13     | Reached skill level 16 in Spellcasting
 18393 | D:14     | Reached skill level 18 in Dodging
 18707 | D:14     | Identified the +11 morningstar "Ubajyeti" {protect, rElec}
 18770 | D:14     | Noticed Josephine
 18777 | D:14     | Killed Josephine
 19140 | D:15     | Entered Level 15 of the Dungeon
 19258 | D:15     | Found Vuris's Antique Armour Boutique.
 19364 | D:15     | Reached XP level 17. HP: 133/133 MP: 0/0
 19364 | D:15     | Learned a level 6 spell: Summon Cactus Giant
 19410 | D:15     | Reached skill level 11 in Invocations
 19480 | D:15     | Reached skill level 16 in Fighting
 19493 | D:15     | Found a basalt altar of Yredelemnul.
 19740 | D:15     | Found a staircase to the Depths.
 20002 | Swamp:1  | Entered Level 1 of the Swamp
 20024 | Swamp:1  | HP: 32/133 [bunyip (25)]
 20903 | Swamp:2  | Found a runed translucent gate.
 20903 | Swamp:2  | Found a runed translucent gate.
 20903 | Swamp:2  | Found a runed translucent gate.
 20904 | Swamp:2  | Noticed Ypsiuj's ghost (adept GnSk)
 20904 | Swamp:2  | Noticed Axikluogo's ghost (adept MiCA)
 21127 | Swamp:2  | Reached skill level 17 in Spellcasting
 21374 | Swamp:2  | Noticed Jorgrun
 21383 | Swamp:2  | HP: 11/134 [Jorgrun/blast of rock fragments (29)]
 21576 | Swamp:2  | HP: 23/134 [constriction (11)]
 21848 | Swamp:3  | Reached skill level 19 in Dodging
 21854 | Swamp:3  | HP: 10/134 [tyrant leech[a spriggan druid] (24)]
 21855 | Swamp:3  | Mangled by a shambling mangrove

Illustrated notes

Levels and vault maps discovered:
D:1:      minmay_arrival_hallway, layout_loops_corners, basic_ecumenical_altar,
          minmay_unequal
D:2:      layout_loops_ring, uniq_jessica
D:3:      layout_basic, serial_shops, nicolae_shop_advertising_works
          [nicolae_subvault_shop_adworks], minmay_shallow_snake_nest,
          uniq_natasha
D:4:      layout_rooms, grunt_dithmenos_smoke_and_mirrors,
          makhleb_blood_cavern_becter, slow_altar_1, serial_shops,
          nicolae_square_shop, nicolae_shop_temple_entry_statues_fountains,
          kennysheep_mini_moat, chequers_serial_rivers_large_a,
          minmay_fractal_squares_gapless_5
D:5:      layout_layer_cave, mainiacjoe_overflow_cross_hatched,
          lemuel_temple_firewalk_b, uniq_sigmund
D:6:      layout_basic
D:7:      layout_basic, nicolae_hepliaklqana_hazy_memory, serial_shops,
          nicolae_stop_n_shop_2
D:8:      layout_basic, nicolae_qazlal_style_of_elements,
          grunt_lair_entry_orc_guard_hut, uniq_amaemon, uniq_psyche,
          uniq_joseph, uniq_maurice
D:9:      layout_roguey, nicolae_overflow_crystal_walls,
          gammafunk_temple_overflow_claw
D:10:     layout_loops_ring, uniq_fannar
D:11:     layout_long_grid, grunt_livestock, kennysheep_island_fort
D:12:     layout_basic, orc_0_dummy, serial_glass, glass_columns_a,
          glass_columns_a, glass_columns_a, glass_columns_a, glass_columns_a,
          glass_columns_a, uniq_urug
D:13:     layout_cave_pods, david_vaults_2
D:14:     layout_cave_pools, grunt_decor_junction, minmay_protected_statue,
          uniq_josephine
D:15:     grunt_enter_depths_hoard, layout_rooms, minmay_misc_feat_diagonals,
          serial_shops, shop, nicolae_yredelemnul_corpse_copse
Lair:1:   layout_loops_ring, portal_ice_cave_demonic_guard, grunt_megastairs_2
Lair:2:   layout_roguey, guppyfry_snake_entry_island
Lair:3:   layout_cave_shapes, minmay_swamp_entry_reptiles, uniq_sonja
Lair:4:   layout_roguey, slime_entry_1, grunt_megastairs_3, uniq_kirke
Lair:5:   minmay_lair_end_enchanted_forest, layout_long_grid,
          infiniplex_staircase_pool_2
Swamp:1:  layout_basic_swamp, infiniplex_staircase_pool
Swamp:2:  layout_basic_swamp, gammafunk_ghost_cemetery,
          evilmike_swamp_ruin_house_5, swamp_pool2, uniq_jorgrun
Swamp:3:  layout_basic_swamp, evilmike_swamp_ruin_rubble_2
Orc:1:    layout_caves, basic_altar, serial_shops, nicolae_shop_waterfront
Orc:2:    grunt_orc_community_town_hall, layout_diamond_mine,
          grunt_orc_community_big_house_2, grunt_orc_community_big_house_2,
          grunt_orc_community_house_3, grunt_orc_community_house_1,
          grunt_orc_community_house_3, grunt_orc_community_house_1,
          guppyfry_orc_lava_fort, uniq_donald, uniq_erolcha

Skill      XL: |  1  2  3  4  5  6  7  8  9 10 11 12 13 14 15 16 17 |
---------------+----------------------------------------------------+-----
Fighting       | 1 2 3 4 5 7 9 11 12 13 14 15 16 | 16.5
Spellcasting   | 3 4 5 6 8 10 11 12 13 14 15 16 17 | 17.2
Dodging        | 3 4 5 6 8 10 12 13 15 16 17 18 19 | 19.0
Invocations    | 2 5 6 8 9 10 11 | 11.9
Stealth        | |  1.5

Action                   |  1- 3 |  4- 6 |  7- 9 | 10-12 | 13-15 | 16-18 || total
-------------------------+-------+-------+-------+-------+-------+-------++-------
Melee: Dagger            |    12 |     6 |     2 |       |       |       ||    20
       Short sword       |       |       |       |     1 |       |       ||     1
       Staff             |       |       |       |       |     9 |    16 ||    25
       Punch             |       |       |       |       |     1 |       ||     1
 Cast: Foxfire           |    48 |     1 |     3 |    25 |    94 |       ||   171
       Magic Dart        |     9 |    52 |    79 |    41 |   176 |   298 ||   655
       Scorch            |     1 |    30 |    82 |   157 |    85 |    20 ||   375
       Flame Wave        |       |       |    10 |    28 |    81 |    45 ||   164
       Iskenderun's Myst |       |       |       |    12 |    16 |     5 ||    33
       Corpse Rot        |       |       |       |     2 |       |       ||     2
       Borgnjor's Vile C |       |       |       |       |   170 |   188 ||   358
       Inner Flame       |       |       |       |       |     1 |       ||     1
       Simulacrum        |       |       |       |       |     5 |       ||     5
       Summon Cactus Gia |       |       |       |       |       |     7 ||     7
Evoke: Wand              |       |       |       |       |       |     1 ||     1
  Use: Scroll            |     3 |       |       |    13 |    17 |     9 ||    42
       Potion            |       |       |       |       |       |     2 ||     2
Armor: Robe              |     3 |       |     5 |    11 |    33 |    24 ||    76
Dodge: Dodged            |     5 |     5 |    36 |    92 |   285 |   286 ||   709

Table legend: (Time is in decaauts)
 A = Elapsed time spent in this place.
 B = Non-inter-level travel time spent in this place.
 C = Inter-level travel time spent in this place.
 D = Time resting spent in this place.
 E = Time spent auto-exploring this place.
 F = Levels seen in this place.
 G = Mean time per level.
                   A        B        C        D        E       F      G
               +--------+--------+--------+--------+--------+-----+--------+
         Total |  21873 |  20709 |   1164 |   2126 |  14627 |  26 |  841.3 |
       Dungeon |  14529 |  13758 |    771 |   1221 |  10575 |  15 |  968.6 |
          Lair |   3657 |   3385 |    272 |    298 |   2208 |   5 |  731.4 |
         Swamp |   1714 |   1647 |     67 |    431 |    781 |   3 |  571.3 |
  Orcish Mines |   1634 |   1581 |     53 |    105 |   1017 |   2 |  817.0 |
      Ice Cave |    337 |    337 |      0 |     71 |     46 |   1 |  337.0 |
               +--------+--------+--------+--------+--------+-----+--------+

Top non-repeatable levels by time:
     D:1: 1675 daAuts
     D:3: 1522 daAuts
   Orc:2: 1298 daAuts
     D:5: 1289 daAuts
     D:6: 1218 daAuts
 Swamp:2: 1060 daAuts
    D:12: 1046 daAuts
  Lair:5: 1011 daAuts
    D:10: 939 daAuts
    D:13: 886 daAuts
    D:11: 858 daAuts
     D:9: 804 daAuts
  Lair:3: 790 daAuts
    D:14: 776 daAuts
     D:2: 770 daAuts

Table legend:
 A = Kills in this place as a percentage of kills in entire the game.
 B = Kills by you in this place as a percentage of kills by you in the entire game.
 C = Kills by friends in this place as a percentage of kills by friends in the entire game.
 D = Other kills in this place as a percentage of other kills in the entire game.
 E = Experience gained in this place as a percentage of experience gained in the entire game.
 F = Experience gained in this place divided by the number of levels of this place that you have seen.
                   A       B       C       D       E      F
               +-------+-------+-------+-------+-------+----------------------
         Total | 100.0 | 100.0 | 100.0 | 100.0 | 100.0 | 7682.6
       Dungeon |  46.2 |  46.4 |  37.5 |   0.0 |  40.4 | 5375.7
          Lair |  24.5 |  24.6 |  12.5 |   0.0 |  26.7 | 10680.8
         Swamp |   8.0 |   8.0 |   0.0 | 100.0 |  17.1 | 11404.7
  Orcish Mines |  17.6 |  17.3 |  50.0 |   0.0 |  11.0 | 10949.5
      Ice Cave |   3.7 |   3.7 |   0.0 |   0.0 |   4.8 | 9594.0
               +-------+-------+-------+-------+-------+----------------------
